 Dungeon Crawl Stone Soup version 0.24.0-37-gcf1ca852f1 (webtiles) character file.

Game seed: 15592420108494508607, levelgen mode: deterministic

275 Exporg the Ruffian (level 6, -11/59 HPs)
             Began as a Troll Fighter on Dec 8, 2019.
             Mangled by a gnoll
             ... wielding a +0 flail
              (12 damage)
             ... on level 4 of the Dungeon.
             The game lasted 00:04:24 (2702 turns).

Exporg the Ruffian (Troll Fighter)                  Turns: 2702, Time: 00:04:25

Health: -11/59     AC: 12    Str: 25    XL:     6   Next: 3%
Magic:  5/5        EV:  9    Int:  0    God:
Gold:   125        SH:  9    Dex: 10    Spells: 5/5 levels left

rFire    . . .     SeeInvis .     - Unarmed
rCold    . . .     Gourm    +   b - +0 shield
rNeg     . . .     Faith    .   a - +0 robe
rPois    .         Spirit   .   (helmet restricted)
rElec    .         Reflect  .   n - +0 cloak (curse)
rCorr    .         Harm     .   (gloves unavailable)
MR       .....                  (boots unavailable)
Stlth    +.........             (no amulet)
HPRegen  0.59/turn              q - +5 ring of protection
MPRegen  0.09/turn              r - -5 ring of intelligence (curse)

@: lethally poisoned (-11 -> -44), slowed, lost intelligence, very slow
A: large, unfitting armour, claws 3, fast metabolism 3, gourmand, regeneration
1, shaggy fur 1, tough skin 3
a: no special abilities


You were on level 4 of the Dungeon.
You were not hungry.

You visited 1 branch of the dungeon, and saw 4 of its levels.

You collected 125 gold pieces.

Inventory:

Armour
 a - a +0 robe (worn)
 b - a +0 shield (worn)
 n - a cursed +0 cloak (worn)
Jewellery
 f - an uncursed ring of positive energy
 m - an uncursed ring of magical power
 q - a +5 ring of protection (left claw)
 r - a cursed -5 ring of intelligence (right claw)
Scrolls
 e - a scroll of teleportation {unknown}
 g - a scroll of magic mapping {unknown}
 h - 2 scrolls of identify {unknown}
 j - 2 scrolls of fear {unknown}
 s - a scroll of remove curse {unknown}
 t - a scroll of amnesia {unknown}
Potions
 c - 2 potions of might
 i - a potion of heal wounds {unknown}
 k - a potion of lignification {unknown}
 l - a potion of cancellation {unknown}
 o - a potion of flight {unknown}
 p - a potion of agility {unknown}
Comestibles
 d - 6 rations


   Skills:
 + Level 2.8 Fighting
 + Level 3.3 Dodging
 + Level 0.1 Stealth
 + Level 3.4 Shields
 + Level 4.5 Unarmed Combat


You had 5 spell levels left.
You didn't know any spells.
Your spell library contained the following spells:

 Spells                   Type           Power        Failure   Level  Hunger
 Magic Dart               Conj           #...         94%         1    ##.....
 Blink                    Tloc           N/A          98%         2    ###....
 Call Imp                 Summ           #.......     98%         2    ###....
 Slow                     Hex            #.......     98%         2    ###....
 Conjure Flame            Conj/Fire      #.......     100%        3    ####...
 Mephitic Cloud           Conj/Pois/Air  #.......     100%        3    ####...


Dungeon Overview and Level Annotations

Branches:
Dungeon (4/15)
 Temple: D:4-7

Altars:


Innate Abilities, Weirdness & Mutations

You are too large for most types of armour.
You have claws for hands.
Your metabolism is lightning-fast.
You like to eat raw meat.
Your natural rate of healing is unusually fast.
You are covered in fur. (AC +1)
You have extremely tough skin. (AC +3)


Message History

The gnoll hits you with a +1 spear of venom.
You barely miss the gnoll.
* * * LOW HITPOINT WARNING * * *
You feel very sick. The gnoll closely misses you. The gnoll barely misses you.
The gnoll hits you but does no damage.
You are more poisoned.
You closely miss the gnoll.
* * * LOW HITPOINT WARNING * * *
You feel very sick. The gnoll barely misses you. You block the gnoll's attack.
The gnoll barely misses you. The gnoll closely misses you.
The gnoll hits you with a +1 spear of venom.
* * * LOW HITPOINT WARNING * * *
You are more poisoned.
You closely miss the gnoll.
* * * LOW HITPOINT WARNING * * *
You feel very sick. The gnoll hits you with a +0 flail!
You die...

.......#.. ........
.#....... .<......
....... . . # g.#..#
#.#####..
#.###g#..#####.#..<...
#...g@#..#........##.#
####..#..##..####.##.#
#..#..#8..8##.....#
#........>..).....#
#.#...............#
#.#...#8..8########
#.##..##..## #.
#.>##### #. ##.#


You could see 3 gnolls.

Vanquished Creatures
  Crazy Yiuf (D:2)
  An orc priest (D:3)
  Robin (D:2)
  5 gnolls
  4 adders
  4 oozes
  2 worms
  A dart slug (D:2)
  4 leopard geckos
  8 orcs
  A ball python (D:1)
  7 bats
  A giant cockroach (D:2)
  12 goblins
  5 hobgoblins
  10 jackals
  10 kobolds
  3 frilled lizards
  A jackal skeleton (D:4)
  4 rats (D:2)
85 creatures vanquished.

Notes
Turn   | Place    | Note
-------+----------+-------------------------------------------
     0 | D:1      | Exporg the Troll Fighter began the quest for the Orb.
     0 | D:1      | Reached XP level 1. HP: 22/22 MP: 0/0
   113 | D:1      | Reached XP level 2. HP: 27/29 MP: 1/1
   489 | D:1      | Reached XP level 3. HP: 36/36 MP: 2/2
  1041 | D:2      | Reached XP level 4. HP: 40/44 MP: 3/3
  1118 | D:2      | Reached skill level 3 in Unarmed Combat
  1126 | D:2      | Noticed Robin
  1134 | D:2      | Killed Robin
  1201 | D:2      | Found a runed translucent door.
  1202 | D:2      | Noticed Crazy Yiuf
  1617 | D:2      | Killed Crazy Yiuf
  1617 | D:2      | Reached XP level 5. HP: 38/52 MP: 0/4
  1810 | D:3      | Reached skill level 4 in Unarmed Combat
  1933 | D:3      | Lost intelligence.
  2696 | D:4      | Reached XP level 6. HP: 52/59 MP: 5/5
  2702 | D:4      | HP: 1/59 [poisoned by a gnoll]
  2702 | D:4      | Mangled by a gnoll

Levels and vault maps discovered:
D:1:      minmay_arrival_plants_in_alcoves, layout_basic
D:2:      layout_loops_cross, first_ration, minmay_hedge_maze, uniq_robin,
          uniq_crazy_yiuf_cottage
D:3:      layout_basic
D:4:      layout_basic, ebering_ghost_disaster_area, hangedman_glass_teeth,
          chequers_serial_rivers_small_3, st_stairs_6

Skill      XL: |  1  2  3  4  5 |
---------------+----------------+-----
Shields        | 3 |  3.4
Unarmed Combat | 3 4 |  4.5
Dodging        | 3 |  3.3
Fighting       | |  2.8
Stealth        | |  0.1

Action                   |  1- 3 |  4- 6 || total
-------------------------+-------+-------++-------
Melee: Unarmed           |    96 |   123 ||   219
  Eat: Chunk             |    15 |    13 ||    28
Armor: Robe              |    28 |    45 ||    73
Dodge: Dodged            |    19 |    46 ||    65
Block: Shield            |    32 |    64 ||    96
